SAL
KANNAPOLIS INTIMIDATORS @ HAGERSTOWN SUNS
05/02/2099
 
TOP OF THE 1ST
Kannapolis Intimidators batting - Pitching for Hagerstown Suns : RHP Johnny Grady
Pitching: RHP Johnny Grady
Batting: RHB Kevin Pring 0-0: Swinging Strike
0-1: Foul Ball, location: 23F
0-2: Strikes out swinging
Batting: RHB Miguel Maldonado 0-0: Ball
1-0: Fly out, F8 (Flyball, 8RD, EV 104.4 MPH)
Batting: LHB Bob Cozart 0-0: Ball
1-0: Foul Ball, location: 7LSF
1-1: Foul Ball, location: 7LMF
1-2: Ground out U3 (Groundball, 34S, EV 84.4 MPH)
Top of the 1st over - 0 runs, 0 hits, 0 errors, 0 left on base; Kannapolis 0 - Hagerstown 0
BOTTOM OF THE 1ST
Hagerstown Suns batting - Pitching for Kannapolis Intimidators : LHP Rob Crossman
Pitching: LHP Rob Crossman
Batting: RHB Jose Calderon 0-0: Ball
1-0: Ground out 6-3 (Groundball, 6M, EV 82.5 MPH)
Batting: RHB Ryan Tomlinson 0-0: Called Strike
0-1: Swinging Strike
0-2: Ball
1-2: Strikes out swinging
Batting: RHB Nathan Jackson 0-0: Called Strike
0-1: Swinging Strike
0-2: Ball
1-2: Strikes out looking
Bottom of the 1st over - 0 runs, 0 hits, 0 errors, 0 left on base; Kannapolis 0 - Hagerstown 0
TOP OF THE 2ND
Kannapolis Intimidators batting - Pitching for Hagerstown Suns : RHP Johnny Grady
Batting: RHB Jesse Rhodes 0-0: Fly out, F8 (Flyball, 8RXD, EV 93.1 MPH)
Batting: RHB Jonathan Rojas 0-0: Swinging Strike
0-1: Foul Ball, location: 25F
0-2: Ball
1-2: Ball
2-2: Ball
3-2: Foul Ball, location: 2F
3-2: Hit by Pitch
Batting: RHB John Iglesias 0-0: Ball
1-0: Foul Ball, location: 2F
1-1: Ball
2-1: 2-RUN HOME RUN (Line Drive, 7D, EV 101.9 MPH), Distance : 390 ft
Batting: LHB Ryan Dorsey 0-0: Ball
1-0: Ball
2-0: Foul Ball, location: 7LSF
2-1: Ball
3-1: Fly out, F9 (Flyball, 89M, EV 94.4 MPH)
Batting: RHB Matt Schmidl 0-0: Foul Ball, location: 25F
0-1: Called Strike
0-2: Strikes out looking
Top of the 2nd over - 2 runs, 1 hit, 0 errors, 0 left on base; Kannapolis 2 - Hagerstown 0
BOTTOM OF THE 2ND
Hagerstown Suns batting - Pitching for Kannapolis Intimidators : LHP Rob Crossman
Batting: RHB Joe Cooper 0-0: Ball
1-0: SINGLE (Groundball, 6MD, EV 106.3 MPH)
Batting: RHB Ryan Wagner 0-0: Ball
1-0: Ball
2-0: Called Strike
2-1: Called Strike
2-2: Grounds into double play, 6-4-3 (Groundball, 6M, EV 101.3 MPH)
Batting: RHB Cliff Morrison 0-0: Ball
1-0: Fly out, F9 (Flyball, 89M, EV 90.0 MPH)
Bottom of the 2nd over - 0 runs, 1 hit, 0 errors, 0 left on base; Kannapolis 2 - Hagerstown 0
TOP OF THE 3RD
Kannapolis Intimidators batting - Pitching for Hagerstown Suns : RHP Johnny Grady
Batting: RHB Jaime Madsen 0-0: Ball
1-0: Foul Ball, location: 9LSF
1-1: Ball
2-1: Ball
3-1: Swinging Strike
3-2: Base on Balls
Batting: RHB Kevin Pring 0-0: Called Strike
0-1: Ball
1-1: Foul Ball, location: 5F
1-2: Foul Ball, location: 2F
1-2: Fly out, F8 (Flyball, 8RM, EV 87.5 MPH)
Batting: RHB Miguel Maldonado 0-0: Ball
1-0: Ball
2-0: Called Strike
2-1: Ball
3-1: Foul Ball, location: 9LSF
3-2: Foul Ball, location: 3F
3-2: Strikes out swinging
Batting: LHB Bob Cozart 0-0: Ball
1-0: Ball
2-0: Ball
3-0: Called Strike
3-1: SINGLE (Groundball, 34D, EV 96.9 MPH)
Jaime Madsen to second
Runner from 2nd tries for 3rd, SAFE, throw by RF made to third
Batting: RHB Jesse Rhodes 0-0: Foul Ball, location: 3F
0-1: Called Strike
0-2: Strikes out swinging
Top of the 3rd over - 0 runs, 1 hit, 0 errors, 2 left on base; Kannapolis 2 - Hagerstown 0
BOTTOM OF THE 3RD
Hagerstown Suns batting - Pitching for Kannapolis Intimidators : LHP Rob Crossman
Batting: RHB Willie Bernal 0-0: Swinging Strike
0-1: Ball
1-1: Ball
2-1: Foul Ball, location: 5SF
2-2: Ball
3-2: Fly out, F9 (Line Drive, 89M, EV 110.6 MPH)
Batting: RHB David Gideon 0-0: Swinging Strike
0-1: Ball
1-1: Foul Ball, location: 2F
1-2: Ball
2-2: Fly out, F6 (Popup, P, EV 82.5 MPH)
Batting: SHB Kyle Cosgrove 0-0: Ball
1-0: Ground out 6-3 (Groundball, 6MD, EV 95.6 MPH)
Bottom of the 3rd over - 0 runs, 0 hits, 0 errors, 0 left on base; Kannapolis 2 - Hagerstown 0
TOP OF THE 4TH
Kannapolis Intimidators batting - Pitching for Hagerstown Suns : RHP Johnny Grady
Batting: RHB Jonathan Rojas 0-0: Foul Ball, location: 23F
0-1: Foul Ball, location: 25FF
0-2: Strikes out looking
Batting: RHB John Iglesias 0-0: Fly out, F9 (Flyball, 9S, EV 88.1 MPH)
Batting: LHB Ryan Dorsey 0-0: Called Strike
0-1: Swinging Strike
0-2: Ball
1-2: SINGLE (Line Drive, 56D, EV 108.8 MPH)
Batting: RHB Matt Schmidl 0-0: Ball
1-0: Ball
Wild Pitch!
Ryan Dorsey to second
2-0: Called Strike
2-1: Called Strike
2-2: Ball
3-2: Foul Ball, location: 9LSF
3-2: Strikes out swinging
Top of the 4th over - 0 runs, 1 hit, 0 errors, 1 left on base; Kannapolis 2 - Hagerstown 0
BOTTOM OF THE 4TH
Hagerstown Suns batting - Pitching for Kannapolis Intimidators : LHP Rob Crossman
Batting: RHB Jose Calderon 0-0: Foul Ball, location: 2F
0-1: Foul Ball, location: 3FF
0-2: Ball
1-2: Ground out 1-3 (Groundball, 34S, EV 68.1 MPH)
Batting: RHB Ryan Tomlinson 0-0: Swinging Strike
0-1: Called Strike
0-2: Ball
1-2: Strikes out swinging
Batting: RHB Nathan Jackson 0-0: Called Strike
0-1: Foul Ball, location: 25F
0-2: Ball
1-2: Ground out 6-3 (Groundball, 6S, EV 86.3 MPH)
Bottom of the 4th over - 0 runs, 0 hits, 0 errors, 0 left on base; Kannapolis 2 - Hagerstown 0
TOP OF THE 5TH
Kannapolis Intimidators batting - Pitching for Hagerstown Suns : RHP Johnny Grady
Batting: RHB Jaime Madsen 0-0: Ball
1-0: Ball
2-0: Ball
3-0: Called Strike
3-1: Ground out 5-3 (Groundball, 5L, EV 86.9 MPH)
Batting: RHB Kevin Pring 0-0: Swinging Strike
0-1: Ball
1-1: SINGLE (Line Drive, 9S, EV 103.8 MPH)
Batting: RHB Miguel Maldonado 0-0: Ball
1-0: Foul Ball, location: 2F
1-1: Called Strike
1-2: Foul Ball, location: 2F
1-2: Ball
2-2: Ball
3-2: Foul Ball, location: 23F
3-2: Strikes out looking
Kevin Pring is caught stealing 2nd base 2-4
Batter strikes out.
Top of the 5th over - 0 runs, 1 hit, 0 errors, 0 left on base; Kannapolis 2 - Hagerstown 0
BOTTOM OF THE 5TH
Hagerstown Suns batting - Pitching for Kannapolis Intimidators : LHP Rob Crossman
Batting: RHB Joe Cooper 0-0: Ball
1-0: Ball
2-0: Foul Ball, location: 2RF
2-1: Ground out 6-3 (Groundball, 6, EV 98.1 MPH)
Batting: RHB Ryan Wagner 0-0: Foul Ball, location: 9LMF
0-1: Ground out 6-3 (Groundball, 6D, EV 108.8 MPH)
Batting: RHB Cliff Morrison 0-0: Foul Ball, location: 5FF
0-1: Ball
1-1: Called Strike
1-2: Ball
2-2: Ball
3-2: Fly out, F7 (Line Drive, 78S, EV 90.6 MPH)
Bottom of the 5th over - 0 runs, 0 hits, 0 errors, 0 left on base; Kannapolis 2 - Hagerstown 0
TOP OF THE 6TH
Kannapolis Intimidators batting - Pitching for Hagerstown Suns : RHP Johnny Grady
Batting: LHB Bob Cozart 0-0: Ball
1-0: Called Strike
1-1: Ground out 6-3 (Groundball, 4M, EV 84.4 MPH)
Batting: RHB Jesse Rhodes 0-0: Foul Ball, location: 9LDF
0-1: Foul Ball, location: 3F
0-2: Foul Ball, location: 2F
0-2: Ball
1-2: Ball
2-2: Fly out, F8 (Flyball, 8RXD, EV 91.9 MPH)
Batting: RHB Jonathan Rojas 0-0: Ball
1-0: Called Strike
1-1: Ball
2-1: Called Strike
2-2: Fly out, F3 (Line Drive, 3, EV 70.0 MPH)
Top of the 6th over - 0 runs, 0 hits, 0 errors, 0 left on base; Kannapolis 2 - Hagerstown 0
BOTTOM OF THE 6TH
Hagerstown Suns batting - Pitching for Kannapolis Intimidators : LHP Rob Crossman
Batting: RHB Willie Bernal 0-0: Called Strike
0-1: SINGLE (Line Drive, 5D, EV 98.8 MPH)
Batting: RHB David Gideon 0-0: Ball
1-0: Foul Ball, location: 2F
1-1: SINGLE (Line Drive, 7LS, EV 106.3 MPH)
Willie Bernal to second
Batting: SHB Kyle Cosgrove 0-0: Sac Bunt to 5S - play at first, batter OUT! 5-3
Willie Bernal to third
David Gideon to second
Batting: RHB Jose Calderon 0-0: Ball
1-0: Fielders Choice attempt at home, Runner SAFE. 5-2 (Groundball, 56S, EV 77.5 MPH)
David Gideon to third
Batting: RHB Ryan Tomlinson 0-0: Ball
1-0: Called Strike
1-1: Fly out, F4 (Popup, 4, EV 65.0 MPH)
Batting: RHB Nathan Jackson 0-0: Ball
1-0: Ball
2-0: Fly out, F8 (Flyball, 8RXD, EV 94.4 MPH)
Bottom of the 6th over - 1 run, 2 hits, 0 errors, 2 left on base; Kannapolis 2 - Hagerstown 1
TOP OF THE 7TH
Kannapolis Intimidators batting - Pitching for Hagerstown Suns : RHP Johnny Grady
Pitching: RHP Sean Trembath
Batting: RHB John Iglesias 0-0: Ball
1-0: Foul Ball, location: 3FF
1-1: Swinging Strike
1-2: Foul Ball, location: 3SF
1-2: Ball
2-2: Foul Ball, location: 2F
2-2: Ball
3-2: SINGLE (Line Drive, 7S, EV 90.6 MPH)
Batting: LHB Ryan Dorsey 0-0: Ball
1-0: Foul Ball, location: 7LDF
1-1: Called Strike
1-2: Ball
2-2: Ball
3-2: SINGLE (Line Drive, 7LS, EV 110.0 MPH)
John Iglesias to second
Batting: RHB Matt Schmidl 0-0: Swinging Strike
0-1: Ball
1-1: Foul Ball, location: 5SF
1-2: Foul Ball, location: 9LSF
1-2: Fly out, F5 (Line Drive, 5L, EV 74.4 MPH)
Batting: RHB Jaime Madsen 0-0: Fly out, F9 (Flyball, 89D, EV 110.6 MPH)
Batting: RHB Kevin Pring 0-0: Swinging Strike
0-1: Ball
1-1: Foul Ball, location: 23F
1-2: Strikes out swinging
Top of the 7th over - 0 runs, 2 hits, 0 errors, 2 left on base; Kannapolis 2 - Hagerstown 1
BOTTOM OF THE 7TH
Hagerstown Suns batting - Pitching for Kannapolis Intimidators : LHP Rob Crossman
Batting: RHB Joe Cooper 0-0: Ball
1-0: Called Strike
1-1: Ball
2-1: Fly out, F9 (Flyball, 9, EV 87.5 MPH)
Batting: RHB Ryan Wagner 0-0: Ball
1-0: Called Strike
1-1: Ball
2-1: Foul Ball, location: 5FF
2-2: Ball
3-2: Fly out, F5 (Popup, 5, EV 72.5 MPH)
Batting: RHB Cliff Morrison 0-0: Ball
1-0: Ball
2-0: Ground out U3 (Groundball, 3S, EV 81.3 MPH)
Bottom of the 7th over - 0 runs, 0 hits, 0 errors, 0 left on base; Kannapolis 2 - Hagerstown 1
TOP OF THE 8TH
Kannapolis Intimidators batting - Pitching for Hagerstown Suns : RHP Sean Trembath
Pitching: RHP Eddie Keller
Batting: RHB Miguel Maldonado 0-0: Foul Ball, location: 2F
0-1: Ball
1-1: Foul Ball, location: 2F
1-2: Strikes out swinging
Batting: LHB Bob Cozart 0-0: Ball
1-0: Swinging Strike
1-1: Foul Ball, location: 2F
1-2: Strikes out looking
Batting: RHB Jesse Rhodes 0-0: Ball
1-0: SINGLE (Line Drive, 8LS, EV 103.8 MPH)
Batting: RHB Jonathan Rojas 0-0: Called Strike
0-1: Ball
1-1: Swinging Strike
1-2: Ball
2-2: Ball
3-2: DOUBLE (Line Drive, 7LD, EV 90.6 MPH)
Jesse Rhodes to third
Jesse Rhodes scores
Batting: RHB John Iglesias 0-0: DOUBLE (Line Drive, 89M, EV 87.5 MPH)
Jonathan Rojas scores
Batting: LHB Ryan Dorsey 0-0: Intentional Walk
Batting: RHB Matt Schmidl 0-0: Foul Ball, location: 9LMF
0-1: Ball
1-1: Swinging Strike
1-2: Foul Ball, location: 2F
1-2: Ball
2-2: Strikes out swinging
Top of the 8th over - 2 runs, 3 hits, 0 errors, 2 left on base; Kannapolis 4 - Hagerstown 1
BOTTOM OF THE 8TH
Hagerstown Suns batting - Pitching for Kannapolis Intimidators : LHP Rob Crossman
Batting: RHB Willie Bernal 0-0: Foul Ball, location: 9LSF
0-1: Ball
1-1: Ball
2-1: Swinging Strike
2-2: Ball
3-2: Base on Balls
Batting: RHB David Gideon 0-0: Grounds into double play, 5-4-3 (Groundball, 56S, EV 84.4 MPH)
Batting: SHB Kyle Cosgrove 0-0: Ball
1-0: Ground out U3 (Groundball, 34S, EV 83.8 MPH)
Bottom of the 8th over - 0 runs, 0 hits, 0 errors, 0 left on base; Kannapolis 4 - Hagerstown 1
TOP OF THE 9TH
Kannapolis Intimidators batting - Pitching for Hagerstown Suns : RHP Eddie Keller
Batting: RHB Jaime Madsen 0-0: Called Strike
0-1: Foul Ball, location: 3F
0-2: Foul Ball, location: 5F
0-2: Ball
1-2: Strikes out swinging
Batting: RHB Kevin Pring 0-0: Ball
1-0: Called Strike
1-1: Called Strike
1-2: Ball
2-2: Strikes out swinging
Batting: RHB Miguel Maldonado 0-0: Ball
1-0: DOUBLE (Line Drive, 9LM, EV 100.6 MPH)
Batting: LHB Bob Cozart 0-0: Intentional Walk
Batting: RHB Jesse Rhodes 0-0: Called Strike
0-1: Called Strike
0-2: Ball
1-2: Foul Ball, location: 2F
1-2: SINGLE (Groundball, 6D, EV 101.3 MPH)
Miguel Maldonado to third
Bob Cozart to second
Batting: RHB Jonathan Rojas 0-0: Foul Ball, location: 2F
0-1: Ball
1-1: Foul Ball, location: 2F
1-2: Ball
2-2: Ball
3-2: Foul Ball, location: 9LMF
3-2: Foul Ball, location: 2F
3-2: Ground out 6-3 (Groundball, 6, EV 93.1 MPH)
Top of the 9th over - 0 runs, 2 hits, 0 errors, 3 left on base; Kannapolis 4 - Hagerstown 1
BOTTOM OF THE 9TH
Hagerstown Suns batting - Pitching for Kannapolis Intimidators : LHP Rob Crossman
Now in LF: Sean Green
Batting: RHB Jose Calderon 0-0: Ball
1-0: Ball
2-0: Swinging Strike
2-1: Swinging Strike
2-2: Ball
3-2: Ground out U3 (Groundball, 34, EV 90.0 MPH)
Batting: RHB Ryan Tomlinson 0-0: SINGLE (Line Drive, 9S, EV 90.0 MPH)
Batting: RHB Nathan Jackson 0-0: Ball
1-0: Called Strike
1-1: Ball
2-1: SINGLE (Groundball, 34D, EV 99.4 MPH)
Ryan Tomlinson to second
Pitching: RHP Bob Renny
Batting: LHB John McBride 0-0: Ball
1-0: Swinging Strike
1-1: Ball
2-1: Fielders Choice at 2nd, 3-6 (Groundball, 34S, EV 92.5 MPH)
Ryan Tomlinson to third
Batting: RHB Ryan Wagner 0-0: Ball
1-0: Ground out U3 (Groundball, 3L, EV 95.6 MPH)
Bottom of the 9th over - 0 runs, 2 hits, 0 errors, 2 left on base; Kannapolis 4 - Hagerstown 1
Sunday, May 5th , 2024 - OOTP Baseball 24.11 Build 85